 Dungeon Crawl Stone Soup version 0.29.0-11-gd7f09526c8 (webtiles) character file.

Game seed: 10555375315994172675

1076 Powertoast the Covert (level 8, 0/61 (68) HPs)
             Began as a Naga Ice Elementalist on Sept 4, 2022.
             Was an Initiate of Cheibriados.
             Slain by a wight
             ... wielding a +4 great sword
              (2 damage)
             ... on level 6 of the Dungeon.
             The game lasted 00:31:12 (5885 turns).

Powertoast the Covert (Naga Ice Elementalist)       Turns: 5885, Time: 00:31:12

HP:   0/61 (68)     AC: 12    Str: 12    XL:     8   Next: 29%
MP:   12/12         EV:  9    Int: 18    God:    Cheibriados [......]
Gold: 329           SH:  0    Dex: 13    Spells: 6/13 levels left

rFire   . . .      SeeInvis +   f - staff of conjuration
rCold   . . .      Faith    .   (no shield)
rNeg    . . .      Spirit   .   e - +2 leather armour {rPois}
rPois   +          Reflect  .   i - +1 helmet
rElec   .          Harm     .   (no cloak)
rCorr   .          Rampage  .   (no gloves)
Will    .....                   (no barding)
Stlth   ++........              (no amulet)
HPRegen 0.20/turn               j - +4 ring of slaying
MPRegen 0.13/turn               (no ring)

@: confused, ice-armoured, weak-willed, ambrosia-drunk, heavily drained, very
slow
A: AC +2, large, see invisible, deformed body, poison resistance, slowness 2,
spit poison 1, naga tail 1
a: Spit Poison, Renounce Religion


You were on level 6 of the Dungeon.
You worshipped Cheibriados.
Cheibriados was noncommittal.
You visited 2 branches of the dungeon, and saw 7 of its levels.

You collected 329 gold pieces.

Inventory:

Hand Weapons
 l - a +0 dagger of venom
 t - a +0 shortbow
Armour
 a - a +0 robe
 e - a +2 leather armour of poison resistance (worn)
 g - a +0 scale mail
 i - a +1 helmet (worn)
Magical Staves
 f - a staff of conjuration (weapon)
Jewellery
 j - a +4 ring of slaying (left hand)
Scrolls
 k - a scroll of enchant armour
 o - a scroll of teleportation {unknown}
 p - 2 scrolls of immolation
 q - 3 scrolls of noise
 s - a scroll of silence {unknown}
 w - a scroll of torment {unknown}
 B - a scroll of amnesia {unknown}
Potions
 b - 2 potions of magic
 c - a potion of invisibility
 d - a potion of haste
 h - 2 potions of mutation
 m - a potion of ambrosia
 n - 2 potions of lignification
 r - 3 potions of curing
 u - a potion of might
 v - 2 potions of flight
 x - a potion of cancellation {unknown}
 z - a potion of attraction


   Skills:
 + Level 2.5 Fighting
 - Level 1.0 Staves
 - Level 1.5 Dodging
 * Level 11.6 Stealth
 - Level 3.0 Spellcasting
 + Level 0.9 Conjurations
 + Level 5.0 Ice Magic
 + Level 2.7 Evocations


You had 6 spell levels left.
You knew the following spells:

 Your Spells              Type           Power      Damage    Failure   Level
a - Freeze                Ice            80%        1d9       2%          1
b - Ozocubu's Armour      Ice            20%        N/A       8%          3
c - Frozen Ramparts       Ice            40%        1d7       8%          3

Your spell library contained the following spells:

 Spells                   Type           Power      Damage    Failure   Level
 Static Discharge         Conj/Air       6%         3-4/arc   26%         2
 Hailstorm                Conj/Ice       20%        3d6       52%         4
 Sticky Flame             Conj/Fire      6%         2d3       86%         4
 Dispel Undead            Necr           2%         3d7       90%         4
 Metabolic Englaciation   Hex/Ice        5%         N/A       90%         5
 Simulacrum               Ice/Necr       5%         N/A       100%        6


Dungeon Overview and Level Annotations

Branches:
Dungeon (6/15)             Temple (1/1) D:5

Altars:
Ashenzari
Cheibriados
Dithmenos
Fedhas
Gozag
Hepliaklqana
Nemelex Xobeh
Okawaru
Qazlal
Ru
Uskayaw
Vehumet
Xom
Yredelemnul
Zin
The Shining One

Annotations:
D:6 3 runed translucent doors, RascalDebosk's ghost, novice MiHu


Innate Abilities, Weirdness & Mutations

Your serpentine skin is tough. (AC +2)
You have supernaturally acute eyesight. (SInv)
Armour fits poorly on your strangely shaped body.
Your system is resistant to poisons. (rPois)
You cover ground very slowly.
You can spit poison.
You have a snake-like lower body.


Message History

As you read the scroll labelled SICRO SIUCK, it crumbles to dust.
It was a scroll of poison.
Okay, then.
The wight barely misses you.
The wight hits you with a +4 great sword!!
You hit the wight but do no damage. The wight barely misses you.
You hit the wight but do no damage. The wight closely misses you.
You hit the wight but do no damage. The wight barely misses you.
You closely miss the wight. The wight closely misses you.
You hit the wight but do no damage. You hit the wight.
The wight is moderately damaged.
The wight hits you with a +4 great sword!
* * * LOW HITPOINT WARNING * * *
The wight hits you but does no damage.
As you read the scroll labelled ANKYUPPUG ENOO, it crumbles to dust.
Magic quickly surges around you.
It was a scroll of vulnerability.
The wight barely misses you.
The wight hits you with a +1 long sword.
* * * LOW HITPOINT WARNING * * *
You feel drained.
Casting: Freeze (safe; 2% risk of failure)
Confirm with . or Enter, or press ? or * to list all spells.
Casting: Frozen Ramparts (dangerous; 8% risk of failure)
Press: ? - help, Dir - look around, f - activate
Okay, then.
Casting: Frozen Ramparts (dangerous; 8% risk of failure)
Confirm with . or Enter, or press ? or * to list all spells.
A film of ice covers your body! The wight closely misses you.
The wight hits you with a +1 long sword.
* * * LOW HITPOINT WARNING * * *
Casting: Ozocubu's Armour (dangerous; 8% risk of failure)
Confirm with . or Enter, or press ? or * to list all spells.
Okay, then.
You are confused.
You feel invigorated.
The wight hits you with a +4 great sword!
* * * LOW HITPOINT WARNING * * *
You feel drained.
You die...

#∩.$$.#...#.........#
#8.$.$+...###......##
#∩$8_.+..z# ##.#..##
#8$.S5+...# #....#
#.$$Wc#...# ###)##
#.8o##...# #.#
#####..#.# #.#
#.#.##z#.# #.#
#.#°.@z..# #)#
#.#°°☼°### ###)#
#.##.### #<[)# #...☼#
##### ######


You could see 3 wights.

Vanquished Creatures
  Edmund (D:5)
  A centaur (D:5)
  2 phantoms (D:4)
  A kobold brigand (D:3)
  2 scorpions
  A necrophage (D:3)
  5 hounds (D:4)
  A gnoll bouda (D:6)
  An orc wizard (D:5)
  An iguana (D:4)
  Robin (D:4)
  5 adders
  8 gnolls
  A shadow imp (D:6)
  An ufetubus (D:4)
  A worm (D:2)
  9 orcs
  7 ball pythons
  9 bats
  7 endoplasms
  15 giant cockroaches
  13 goblins
  5 hobgoblins
  A jackal (D:4)
  4 quokkas
  A frilled lizard (D:1)
  6 kobolds
  2 rats
112 creatures vanquished.

Vanquished Creatures (others)
  A plant (D:5)
1 creature vanquished.

Grand Total: 113 creatures vanquished

Notes
Turn   | Place    | Note
-------+----------+-------------------------------------------
     0 | D:1      | Powertoast the Naga Ice Elementalist began the quest for
                  | the Orb.
     0 | D:1      | Reached XP level 1. HP: 15/15 MP: 3/3
   254 | D:1      | Reached XP level 2. HP: 16/24 MP: 5/5
   400 | D:1      | Found a faded altar of an unknown god.
   865 | D:1      | Reached XP level 3. HP: 28/30 MP: 6/6
   887 | D:1      | Reached skill level 4 in Stealth
  1396 | D:2      | Reached skill level 1 in Fighting
  1396 | D:2      | Reached skill level 1 in Staves
  1589 | D:2      | Found a blossoming altar of Fedhas.
  1624 | D:2      | Reached XP level 4. HP: 38/38 MP: 7/7
  1961 | D:3      | Noticed a necrophage
  1981 | D:3      | Killed a necrophage
  1982 | D:3      | Reached skill level 5 in Stealth
  1982 | D:3      | Reached XP level 5. HP: 6/44 MP: 2/9
  2303 | D:3      | Found a radiant altar of Vehumet.
  2327 | D:3      | Found a shadowy altar of Dithmenos.
  2338 | D:3      | Noticed a kobold brigand
  2350 | D:3      | Killed a kobold brigand
  2351 | D:3      | Reached skill level 6 in Stealth
  3145 | D:4      | Noticed Robin
  3156 | D:4      | Reached XP level 6. HP: 51/51 MP: 10/10
  3166 | D:4      | Killed Robin
  3167 | D:4      | Reached skill level 7 in Stealth
  3292 | D:4      | Found a sacrificial altar of Ru.
  3310 | D:4      | Reached skill level 5 in Ice Magic
  3498 | D:4      | Found a stormy altar of Qazlal.
  3785 | D:4      | Reached skill level 8 in Stealth
  3851 | D:4      | Reached skill level 9 in Stealth
  3851 | D:4      | Reached XP level 7. HP: 25/57 MP: 11/11
  4066 | D:4      | Reached skill level 10 in Stealth
  4068 | D:4      | Reached skill level 1 in Evocations
  4262 | D:5      | Entered Level 5 of the Dungeon
  4262 | D:5      | Found a staircase to the Ecumenical Temple.
  4268 | Temple   | Entered the Ecumenical Temple
  4314 | Temple   | Became a worshipper of Cheibriados the Contemplative
  4340 | D:5      | Found a basalt altar of Yredelemnul.
  4823 | D:5      | Noticed Edmund
  4833 | D:5      | Killed Edmund
  4834 | D:5      | Reached skill level 11 in Stealth
  4834 | D:5      | Reached XP level 8. HP: 45/67 MP: 12/12
  5667 | D:6      | Learned a level 3 spell: Ozocubu's Armour
  5671 | D:6      | Learned a level 3 spell: Frozen Ramparts
  5799 | D:6      | Found a runed translucent gate.
  5799 | D:6      | Found a runed translucent gate.
  5800 | D:6      | Found a runed translucent gate.
  5802 | D:6      | Found an opulent altar of Gozag.
  5803 | D:6      | Noticed RascalDebosk's ghost (novice MiHu)
  5885 | D:6      | HP: 2/62 [wight/+4 great sword (9)]
  5885 | D:6      | Slain by a wight

Illustrated notes

Levels and vault maps discovered:
D:1:      reono_arrival_forest_river, layout_basic,
          dreamdust_ecumenical_altar_grove, hangedman_decor_clover_reticule,
          glass_columns_a
D:2:      minmay_roachtagon, layout_basic, basic_altar
D:3:      layout_basic, nicolae_dithmenos_the_darkroom, lemuel_round_altar,
          wad_orctagon
D:4:      minmay_bubble_buster, layout_loops_ring,
          nicolae_qazlal_general_emergency, nicolae_ru_awakened_eye, uniq_robin
D:5:      layout_gridville, mainiacjoe_overflow_cross_hatched,
          minmay_temple_entry_overgrown, uniq_edmund
D:6:      layout_basic, mainiacjoe_overflow_surrounded_room,
          ebering_ghost_gozag, minivault_22, nicolae_elevator_lobby_asterisk,
          uniq_grinder, uniq_sigmund, uniq_eustachio
Temple:   eino_temple_lava

Skill      XL: |  1  2  3  4  5  6  7 |
---------------+----------------------+-----
Stealth        | 4 5 6 9 11 | 11.6
Fighting       | 1 2 |  2.5
Staves         | 1 |  1.0
Spellcasting   | 3 |  3.0
Ice Magic      | 5 |  5.0
Evocations     | 2 |  2.7
Dodging        | |  1.5
Conjurations   | |  0.9

Action                   |  1- 3 |  4- 6 |  7- 9 || total
-------------------------+-------+-------+-------++-------
Melee: Staff             |    19 |    14 |    33 ||    66
       Unarmed           |     1 |       |       ||     1
       Dagger            |     9 |    98 |    71 ||   178
 Fire: Shortbow          |       |       |     1 ||     1
 Cast: Freeze            |       |     5 |     1 ||     6
       Ozocubu's Armour  |       |       |     1 ||     1
 Abil: Spit Poison       |    37 |    34 |    18 ||    89
  Use: Scroll            |       |    10 |     6 ||    16
       Potion            |       |       |     2 ||     2
 Stab: Sleeping          |       |     1 |     1 ||     2
Armor: Leather armour    |     6 |    57 |    55 ||   118
Dodge: Dodged            |     9 |    40 |    72 ||   121
